General information
- name: BNet
- type: Ladder team game (AT/RT)
- host: Battle.net
- saver: Adeleishot
map: Battleground
- players: 8
- length: 49:59
- speed: Fast
- version: 1.26 W3XP
- replay type: Public
» download(210 KB)
Players
team 1 (winner)

»
Megg_G (
red | 37 APM | 1855 actions | 49:58)
4 Demon Hunter
2 Evasion
2 Mana Burn
» actions
| Assign group hotkey | 18 | |
| Basic commands | 42 | |
| Build / train | 109 | |
| ESC pressed | 38 | |
| Enter build submenu | 39 | |
| Enter hero's abilities submenu | 4 | |
| Right click | 673 | |
| Select / deselect | 382 | |
| Select group hotkey | 446 | |
| Use ability | 103 | |
1855 total
» units
| Wisp | 78 | |
| Hippogryph | 2 | |
| Druid of the Talon | 5 | |
| Dryad | 8 | |
93 total
» buildings
| Altar of Elders | 3 | |
| Moon Well | 6 | |
| Tree of Life | 18 | |
| Tree of Ages | 5 | |
| Hunter's Hall | 2 | |
| Ancient of Wind | 1 | |
| Ancient of Lore | 2 | |
37 total
» build order
00:06 Altar of Elders
00:16 Moon Well
09:18 Tree of Life
09:25 Altar of Elders
09:29 Moon Well
14:13 Tree of Life
14:55 Tree of Ages
14:56 Tree of Ages
15:00 Hunter's Hall
15:53 Tree of Life
16:23 Tree of Life
16:51 Tree of Life
17:44 Tree of Life
18:11 Moon Well
18:17 Moon Well
18:19 Moon Well
18:27 Moon Well
20:15 Tree of Life
20:42 Tree of Life
21:25 Tree of Life
21:46 Tree of Life
21:49 Tree of Ages
22:11 Tree of Life
22:29 Tree of Life
23:25 Tree of Life
24:12 Tree of Life
27:51 Tree of Ages
28:47 Altar of Elders
28:52 Hunter's Hall
29:13 Tree of Ages
30:13 Ancient of Wind
30:16 Ancient of Lore
30:38 Ancient of Lore
31:39 Tree of Life
32:32 Tree of Life
33:17 Tree of Life
33:57 Tree of Life
» items
| Potion of Healing | 1 | |
| Scroll of Town Portal | 2 | |
| Circlet of Nobility | 1 | |
| Boots of Speed | 1 | |
| Potion of Lesser Invulnerability | 1 | |
6 total
Adeleishot (
green | 52 APM | 2603 actions | 49:59)
7 Blood Mage
3 Flame Strike
2 Siphon Mana
1 Summon Phoenix
1 Banish
» actions
| Assign group hotkey | 306 | |
| Basic commands | 260 | |
| Build / train | 87 | |
| Enter build submenu | 45 | |
| Enter hero's abilities submenu | 7 | |
| Give item / drop item | 3 | |
| Remove unit from queue | 2 | |
| Right click | 946 | |
| Select / deselect | 430 | |
| Select group hotkey | 431 | |
| Use ability | 86 | |
2603 total
» units
| Peasant | 33 | |
| Footman | 6 | |
| Gryphon Rider | 6 | |
| Dragonhawk Rider | 2 | |
47 total
» upgrades
| Lumber Harvesting | 2 | |
| Storm Hammers | 1 | |
| Swords | 3 | |
| Armor | 3 | |
| Animal War Training | 1 | |
| Masonry | 1 | |
11 total
» buildings
| Altar of Kings | 1 | |
| Barracks | 1 | |
| Farm | 9 | |
| Lumber Mill | 2 | |
| Keep | 2 | |
| Scout Tower | 10 | |
| Guard Tower | 5 | |
| Town Hall | 6 | |
| Arcane Vault | 1 | |
| Castle | 1 | |
| Gryphon Aviary | 7 | |
| Arcane Tower | 1 | |
| Blacksmith | 3 | |
49 total
» build order
00:28 Altar of Kings
00:35 Barracks
00:43 Farm
00:49 Farm
01:25 Lumber Mill
02:52 Farm
02:53 Farm
03:07 Farm
03:11 Keep
04:04 Scout Tower
04:04 Scout Tower
04:04 Scout Tower
04:09 Scout Tower
04:09 Scout Tower
04:48 Guard Tower
05:02 Guard Tower
05:14 Town Hall
06:59 Arcane Vault
07:01 Scout Tower
07:02 Scout Tower
07:29 Scout Tower
07:29 Scout Tower
07:32 Castle
07:47 Guard Tower
08:21 Guard Tower
09:33 Guard Tower
10:01 Gryphon Aviary
10:02 Gryphon Aviary
10:33 Gryphon Aviary
11:56 Scout Tower
13:21 Arcane Tower
13:23 Blacksmith
13:26 Blacksmith
13:28 Blacksmith
16:52 Farm
16:53 Farm
16:55 Lumber Mill
18:19 Farm
18:19 Farm
20:04 Town Hall
24:22 Town Hall
25:49 Town Hall
28:37 Gryphon Aviary
28:38 Gryphon Aviary
28:38 Gryphon Aviary
28:40 Gryphon Aviary
34:40 Town Hall
41:23 Town Hall
» items
| Boots of Speed | 1 | |
| Staff of Teleportation | 1 | |
| Scroll of Regeneration | 2 | |
| Potion of Invisibility | 2 | |
| Lesser Clarity Potion | 1 | |
| Potion of Mana | 1 | |
| Scroll of Town Portal | 1 | |
| Potion of Lesser Invulnerability | 1 | |
10 total
FEARtheLVLone (
pink | 69 APM | 535 actions | 07:46)
1 Blood Mage
1 Flame Strike
» actions
| Assign group hotkey | 19 | |
| Basic commands | 27 | |
| Build / train | 10 | |
| Enter build submenu | 2 | |
| Enter hero's abilities submenu | 1 | |
| Right click | 340 | |
| Select / deselect | 56 | |
| Select group hotkey | 72 | |
| Use ability | 8 | |
535 total
» units
» buildings
» build order
00:03 Altar of Kings
00:42 Farm

»
CandyCornGoons (
yellow | 15 APM | 748 actions | 49:58)
8 Warden
3 Fan of Knives
3 Shadow Strike
1 Spirit of Vengeance
1 Blink
» actions
| Basic commands | 10 | |
| Build / train | 78 | |
| Enter build submenu | 21 | |
| Enter hero's abilities submenu | 7 | |
| Right click | 257 | |
| Select / deselect | 327 | |
| Use ability | 48 | |
748 total
» units
| Wisp | 21 | |
| Archer | 20 | |
| Hippogryph | 15 | |
56 total
» upgrades
| Strength of the Moon | 3 | |
| Moon Armor | 3 | |
| Hippogryph Taming | 1 | |
| Improved Bows | 1 | |
| Strength of the Wild | 1 | |
| Reinforced Hides | 1 | |
10 total
» buildings
| Altar of Elders | 1 | |
| Moon Well | 8 | |
| Hunter's Hall | 1 | |
| Tree of Ages | 1 | |
| Ancient of War | 1 | |
| Ancient of Wind | 2 | |
| Ancient Protector | 2 | |
| Tree of Eternity | 1 | |
| Tree of Life | 3 | |
20 total
» build order
00:51 Altar of Elders
00:53 Moon Well
02:47 Moon Well
03:55 Hunter's Hall
05:09 Tree of Ages
05:12 Ancient of War
06:27 Moon Well
07:22 Moon Well
08:04 Ancient of Wind
08:05 Ancient of Wind
08:56 Moon Well
09:57 Moon Well
11:25 Ancient Protector
11:34 Ancient Protector
12:09 Tree of Eternity
14:07 Moon Well
18:14 Moon Well
20:56 Tree of Life
29:03 Tree of Life
35:13 Tree of Life
» items
team 2 (loser)
lolx2 (
blue | 66 APM | 761 actions | 11:27)
4 Death Knight
2 Death Coil
2 Unholy Aura
» actions
| Assign group hotkey | 9 | |
| Basic commands | 18 | |
| Build / train | 34 | |
| ESC pressed | 3 | |
| Enter build submenu | 16 | |
| Enter hero's abilities submenu | 4 | |
| Give item / drop item | 4 | |
| Right click | 230 | |
| Select / deselect | 157 | |
| Select group hotkey | 259 | |
| Use ability | 27 | |
761 total
» units
| Acolyte | 4 | |
| Ghoul | 4 | |
| Crypt Fiend | 6 | |
| Necromancer | 2 | |
16 total
» upgrades
| Creature Carapace | 1 | |
| Unholy Armor | 1 | |
| Necromancer Training | 1 | |
| Skeletal Longevity | 1 | |
| Web | 1 | |
| Unholy Strength | 1 | |
| Skeletal Mastery | 1 | |
7 total
» buildings
| Altar of Darkness | 1 | |
| Ziggurat | 5 | |
| Crypt | 2 | |
| Graveyard | 1 | |
| Tomb of Relics | 1 | |
| Halls of the Dead | 1 | |
| Temple of the Damned | 2 | |
| Black Citadel | 1 | |
| Slaughterhouse | 2 | |
| Spirit Tower | 1 | |
17 total
» build order
00:08 Altar of Darkness
00:11 Ziggurat
00:34 Crypt
01:00 Graveyard
01:16 Tomb of Relics
01:56 Ziggurat
03:36 Halls of the Dead
04:13 Ziggurat
04:53 Crypt
05:57 Temple of the Damned
06:01 Temple of the Damned
07:23 Black Citadel
09:29 Ziggurat
09:50 Slaughterhouse
09:52 Slaughterhouse
10:25 Spirit Tower
10:34 Ziggurat
» items

»
ciradelcarmen (
purple | 18 APM | 299 actions | 17:02)
3 Death Knight
2 Unholy Aura
1 Death Coil
» actions
| Basic commands | 8 | |
| Build / train | 27 | |
| Enter build submenu | 10 | |
| Enter hero's abilities submenu | 3 | |
| Remove unit from queue | 1 | |
| Right click | 109 | |
| Select / deselect | 119 | |
| Use ability | 22 | |
299 total
» units
| Acolyte | 3 | |
| Ghoul | 7 | |
| Crypt Fiend | 3 | |
13 total
» upgrades
| Creature Carapace | 1 | |
| Creature Attack | 1 | |
| Web | 1 | |
3 total
» buildings
| Ziggurat | 4 | |
| Altar of Darkness | 1 | |
| Crypt | 2 | |
| Tomb of Relics | 1 | |
| Nerubian Tower | 1 | |
| Graveyard | 1 | |
| Halls of the Dead | 1 | |
| Black Citadel | 1 | |
12 total
» build order
00:19 Ziggurat
00:23 Altar of Darkness
00:47 Crypt
01:19 Ziggurat
01:25 Tomb of Relics
02:11 Ziggurat
02:39 Crypt
02:46 Nerubian Tower
03:42 Graveyard
04:31 Halls of the Dead
06:01 Ziggurat
07:15 Black Citadel
» items
| Rod of Necromancy | 2 | |
| Dust of Appearance | 1 | |
3 total
Budyonny (
orange | 67 APM | 3369 actions | 49:58)
9 Blood Mage
3 Flame Strike
3 Siphon Mana
1 Summon Phoenix
2 Banish
» actions
| Assign group hotkey | 59 | |
| Basic commands | 139 | |
| Build / train | 199 | |
| ESC pressed | 6 | |
| Enter build submenu | 58 | |
| Enter hero's abilities submenu | 9 | |
| Give item / drop item | 2 | |
| Remove unit from queue | 1 | |
| Right click | 1309 | |
| Select / deselect | 654 | |
| Select group hotkey | 746 | |
| Use ability | 187 | |
3369 total
» units
| Peasant | 33 | |
| Footman | 9 | |
| Gryphon Rider | 17 | |
| Dragonhawk Rider | 33 | |
| Sorceress | 1 | |
93 total
» upgrades
| Swords | 3 | |
| Lumber Harvesting | 2 | |
| Masonry | 3 | |
| Animal War Training | 1 | |
| Storm Hammers | 1 | |
| Armor | 3 | |
| Cloud | 1 | |
| Magic Sentry | 1 | |
| Sorceress Training | 2 | |
| Gunpowder | 2 | |
| Plating | 2 | |
| Barrage | 1 | |
| Flak Cannons | 1 | |
| Fragmentation Shards | 1 | |
| Flying Machine Bombs | 1 | |
| Flare | 1 | |
26 total
» buildings
| Altar of Kings | 1 | |
| Farm | 11 | |
| Barracks | 1 | |
| Scout Tower | 23 | |
| Arcane Tower | 2 | |
| Keep | 4 | |
| Arcane Vault | 2 | |
| Blacksmith | 1 | |
| Lumber Mill | 1 | |
| Castle | 1 | |
| Gryphon Aviary | 5 | |
| Guard Tower | 25 | |
| Town Hall | 3 | |
| Arcane Sanctum | 1 | |
| Workshop | 2 | |
83 total
» build order
00:04 Altar of Kings
00:11 Farm
00:14 Barracks
01:08 Farm
01:29 Scout Tower
01:55 Farm
02:02 Arcane Tower
03:11 Keep
03:12 Keep
03:12 Keep
03:36 Arcane Vault
04:01 Farm
04:38 Blacksmith
04:43 Farm
04:47 Farm
04:57 Lumber Mill
05:36 Castle
06:10 Gryphon Aviary
06:11 Gryphon Aviary
07:13 Scout Tower
07:48 Guard Tower
11:44 Farm
15:19 Farm
15:20 Farm
17:28 Farm
17:31 Farm
18:15 Town Hall
19:23 Scout Tower
19:24 Scout Tower
19:25 Scout Tower
19:26 Scout Tower
19:27 Scout Tower
19:43 Arcane Vault
19:58 Guard Tower
19:59 Guard Tower
20:04 Guard Tower
20:04 Guard Tower
20:34 Scout Tower
20:37 Scout Tower
20:39 Scout Tower
20:42 Scout Tower
21:30 Guard Tower
21:39 Guard Tower
21:59 Guard Tower
22:01 Guard Tower
22:01 Guard Tower
24:02 Scout Tower
24:03 Scout Tower
24:03 Scout Tower
24:05 Scout Tower
24:06 Scout Tower
24:21 Gryphon Aviary
24:22 Gryphon Aviary
24:30 Guard Tower
24:30 Guard Tower
24:35 Guard Tower
24:35 Guard Tower
25:28 Town Hall
29:33 Arcane Sanctum
32:28 Town Hall
32:33 Scout Tower
32:36 Scout Tower
32:38 Scout Tower
33:11 Guard Tower
33:11 Guard Tower
33:11 Guard Tower
34:55 Scout Tower
34:56 Scout Tower
35:01 Scout Tower
35:06 Scout Tower
35:08 Keep
35:49 Gryphon Aviary
35:51 Guard Tower
35:52 Guard Tower
37:42 Guard Tower
40:59 Workshop
41:03 Workshop
» items
| Scroll of Regeneration | 8 | |
| Scroll of Town Portal | 11 | |
| Lesser Clarity Potion | 5 | |
| Potion of Mana | 7 | |
| Potion of Healing | 1 | |
| Boots of Speed | 1 | |
| Staff of Teleportation | 1 | |
34 total
Gleen (
teal | 1 APM | 8 actions | 08:33)
» actions
| Right click | 4 | |
| Select / deselect | 4 | |
8 total
Chat log
(00:15 / Allies) FEARtheLVLone: ?
(00:18 / Allies) Megg_G: level one tker
(00:19 / Allies) Megg_G: haha
(00:21 / Allies) Adeleishot: Stay
(00:28 / Allies) FEARtheLVLone: ?
(00:30 / Allies) Megg_G: he is just gonna tk
(00:31 / Allies) Megg_G: wtf
(00:33 / Allies) Adeleishot: stay
(00:38 / Allies) Megg_G: why
(00:39 / Allies) FEARtheLVLone: i wont..
(00:58 / Allies) Adeleishot: protect against militia tp
(01:09 / Allies) Megg_G: how
(01:10 / Allies) Megg_G: I'm NE
(01:24 / Allies) Megg_G: yeah
(01:26 / Allies) Megg_G: he's gonna tk
(01:28 / Allies) Megg_G: you find this funny pink?
(01:40 / Allies) Adeleishot: protect against tp militia
(01:42 / Allies) Megg_G: HJAHAHAHA
(01:44 / Allies) Megg_G: so funny
(01:49 / Allies) Megg_G: how do you protect yourself
(01:50 / Allies) Megg_G: btw
(01:56 / Allies) Adeleishot: red give me your resources
(01:57 / Allies) Megg_G: nice pink
(01:59 / Allies) Megg_G: good job
(02:01 / Allies) FEARtheLVLone: ty
(02:06 / Allies) Megg_G: you're officially a dumbass
(02:25 / Allies) Adeleishot: red give me your resources
(02:27 / Allies) Adeleishot: I'm not losing
(02:44 / Allies) Megg_G: how are you not losing
(02:49 / Allies) Megg_G: yellow is shit
(02:50 / Allies) Megg_G: too
(02:56 / Allies) CandyCornGoons: i was afk
(02:58 / Allies) CandyCornGoons: srry
(03:11 / Allies) CandyCornGoons: kill hall green
(03:21 / Allies) Adeleishot: just kill the blood mage
(04:03 / Allies) Megg_G: green
(04:06 / Allies) Megg_G: don't get any more lumber workers
(04:18 / Allies) Megg_G: you too yelow
(04:19 / Allies) Megg_G: you bitch
(04:20 / Allies) Megg_G: make some shit
(04:56 / Allies) Megg_G: this is not even possible to win
(05:10 / Allies) Megg_G: yellow sucks
(05:12 / Allies) Megg_G: he's a moron
(05:14 / Allies) Megg_G: pink is a retard
(05:16 / Allies) FEARtheLVLone: i agree
(05:17 / Allies) Megg_G: green isn't that good
(05:48 / Allies) Megg_G: \what if:
(05:49 / Allies) Megg_G: all enemy
(05:51 / Allies) Megg_G: except purple
(05:52 / Allies) Megg_G: was afk
(06:12 / Allies) Megg_G: yellow
(06:16 / Allies) Megg_G: stop sucking
(06:16 / Allies) Megg_G: please
(06:27 / Allies) Megg_G: for 1 day
(06:38 / Allies) CandyCornGoons: mm wat lvl r u
(06:49 / Allies) Megg_G: doesn't matter what level
(06:52 / Allies) Megg_G: I could be level -100
(06:57 / Allies) Megg_G: but my skill is still better than yours
(06:58 / Allies) CandyCornGoons: ya right
(07:07 / Allies) Megg_G: look at that
(07:08 / Allies) Megg_G: afk player
(07:10 / Allies) Megg_G: and we still lose
(07:19 / Allies) Megg_G: cause yellow sucks
(07:23 / Allies) Megg_G: and green sucks
(07:37 / Allies) Megg_G: can you make
(07:38 / Allies) Megg_G: some shit
(07:39 / Allies) Megg_G: at least
(07:40 / Allies) Megg_G: yellow
(07:44 / Allies) Megg_G: instead of massing5k gold
(07:46 / Allies) Megg_G: 5k lumber
(07:47 / Allies) CandyCornGoons: i fucking am so stfu
(07:48 / Allies) Adeleishot: wood
(08:10 / Allies) CandyCornGoons: open ur fucking eyes
(08:11 / Allies) Megg_G: jesus christ
(08:14 / Allies) Megg_G: you're making archers
(08:16 / Allies) Megg_G: it's 50 minutes into the game
(08:35 / Allies) Megg_G: you too green
(08:37 / Allies) Megg_G: 50 minutes into the game
(08:39 / Allies) Megg_G: you're making footmen
(08:56 / Allies) Megg_G: green
(08:59 / Allies) Megg_G: you coul have given me
(09:00 / Allies) Megg_G: 500 gold
(09:01 / Allies) Megg_G: I could have rebuitl
(09:05 / Allies) Megg_G: are you guys thinking or what
(09:09 / Allies) Megg_G: need 500
(09:20 / Allies) Megg_G: thx
(09:36 / Allies) Megg_G: givem e gold green
(09:56 / Allies) Megg_G: green
(09:58 / Allies) Megg_G: with 5k gold
(09:59 / Allies) Megg_G: and 5k lumber
(10:00 / Allies) Megg_G: you're fkcing
(10:04 / Allies) Megg_G: making some
(10:05 / Allies) Megg_G: footmen
(10:07 / Allies) Megg_G: and 1 barracks
(10:09 / Allies) Megg_G: are you fucking joking me
(10:20 / Allies) Megg_G: 1 gryphon aviary
(10:21 / Allies) Megg_G: with 3k gold
(10:22 / Allies) Megg_G: really
(10:22 / Allies) CandyCornGoons: wtf dude
(10:26 / Allies) CandyCornGoons: im makeing aa
(10:27 / Allies) Adeleishot: I have 1.5 k gold
(10:34 / Allies) Megg_G: make
(10:34 / Allies) CandyCornGoons: ya now
(10:34 / Allies) Megg_G: 2
(10:37 / Allies) Megg_G: gryphon aviaryies
(10:52 / Allies) Megg_G: and make more farms
(10:54 / Allies) Megg_G: get 100/100 fod
(11:40 / Allies) CandyCornGoons: we might win
(11:42 / Allies) CandyCornGoons: rred
(11:45 / Allies) Megg_G: I completely
(11:46 / Allies) Megg_G: fucking
(11:47 / Allies) Megg_G: doubt that
(11:56 / Allies) CandyCornGoons: 2 of them left
(12:06 / All) Budyonny: You can leave now purple, you lost
(12:16 / Allies) Megg_G: start making gryphons
(12:21 / Allies) Adeleishot: Shut up, ho
(12:21 / All) Budyonny: Oh, an AFKer?
(12:23 / Allies) Adeleishot: Fuck
(12:25 / Allies) Adeleishot: Nagging harpy
(12:28 / All) Budyonny: You people never go AFK.
(12:35 / Allies) Megg_G: you need a blacksmith
(12:36 / Allies) Megg_G: too
(12:36 / Allies) Megg_G: green
(12:38 / Allies) Megg_G: what the fuck
(12:50 / All) Adeleishot: Red is the biggest nag I've have EVER encountered
(12:55 / Allies) CandyCornGoons: red hes dum remake ill protect u
(12:57 / All) Megg_G: green is the slowest bitch
(13:00 / All) Megg_G: I've ever encountered
(13:05 / All) Adeleishot: Are you a woman
(13:10 / All) Adeleishot: You are unpleasant
(13:11 / Allies) Megg_G: dude
(13:13 / Allies) Megg_G: green
(13:25 / Allies) Megg_G: nvm
(13:26 / Allies) Megg_G: forget it
(13:29 / Allies) Megg_G: yeah I nag
(13:29 / Allies) CandyCornGoons: dude green stfu u suck ass
(13:31 / Allies) Megg_G: but because you piss me off
(13:37 / All) Adeleishot: well get over it
(13:48 / Allies) Megg_G: once you get really good
(13:55 / Allies) Megg_G: and you have a really crappy person on your team
(13:57 / Allies) Megg_G: you'll feel the same as me
(14:21 / Allies) CandyCornGoons: man fuck i need gold
(14:22 / All) Adeleishot: I'm not going over 50 food
(14:27 / All) Adeleishot: I got gold to hoard
(14:32 / Allies) CandyCornGoons: wow
(14:37 / Allies) Megg_G: see what I mean
(14:43 / Allies) Megg_G: yellow
(14:44 / Allies) Megg_G: let's kill blue
(14:45 / Allies) CandyCornGoons: ill fucking kill u
(15:11 / Allies) CandyCornGoons: lol
(15:17 / Allies) Megg_G: the thing is
(15:20 / Allies) Megg_G: he could have just
(15:21 / Allies) Megg_G: UNSUMMONED
(15:22 / Allies) Megg_G: WTF
(15:31 / All) Budyonny: nigger took my expo
(15:33 / Allies) CandyCornGoons: lol
(16:29 / Allies) Megg_G: gold mep lease
(16:30 / Allies) Megg_G: 500
(16:53 / Allies) CandyCornGoons: i gave u over 1700gold already green fucking help
(17:03 / Allies) Megg_G: don't give green gold
(17:03 / Allies) Megg_G: wtf
(17:05 / Allies) Megg_G: are you thinking
(17:09 / Allies) CandyCornGoons: not
(17:47 / All) Adeleishot: make me some moonwells red
(17:51 / All) Adeleishot: make yourself useful
(17:58 / All) Megg_G: Give me 1k
(17:59 / Allies) CandyCornGoons: green stfu
(18:02 / All) Megg_G: I make you 5 moonwells
(18:08 / All) Megg_G: *3 moonwells
(18:10 / All) Adeleishot: You'd better
(18:59 / Allies) CandyCornGoons: fuck
(19:10 / All) Budyonny: Vault City prevails, citizen.
(19:14 / All) Budyonny: You cannot siege these walls.
(19:26 / Allies) Megg_G: give me 1k more gold orange
(19:36 / Allies) Megg_G: *green
(19:36 / All) Adeleishot: Orange give red 1k please
(19:37 / Allies) CandyCornGoons: cnt
(19:45 / Allies) Megg_G: green
(19:46 / Allies) Megg_G: give me 2k
(19:53 / All) Adeleishot: what do I get in return
(19:55 / Allies) CandyCornGoons: green gold plz
(20:00 / Allies) Megg_G: more wells
(20:09 / All) Adeleishot: I'll put you on a trial basis
(20:14 / All) Adeleishot: 200 gold better get a moonwell
(20:21 / Allies) Megg_G: dude
(20:25 / Allies) Megg_G: it cost 200 to make one
(20:29 / Allies) Megg_G: I'm not making any profit
(20:31 / Allies) Megg_G: I need profit
(20:33 / All) Adeleishot: It costs 180
(20:36 / All) Adeleishot: you make a 20 gold profit
(20:42 / Allies) CandyCornGoons: wow
(20:44 / Allies) Megg_G: that's not enough
(20:47 / All) Adeleishot: You have no business sense red
(20:50 / Allies) Megg_G: you have 6k gold
(20:51 / Allies) Megg_G: dude
(21:05 / Allies) CandyCornGoons: red hes noob bro4\
(21:33 / Allies) Megg_G: ya
(21:47 / Allies) CandyCornGoons: i gave u half my mine bro
(21:55 / All) Adeleishot: What's the 3 best ways to please a woman?
(22:01 / All) Adeleishot: Who cares
(22:05 / Allies) CandyCornGoons: to stfu\
(22:09 / Allies) CandyCornGoons: lol
(22:11 / Allies) CandyCornGoons: jkjk
(22:19 / Allies) Megg_G: gold me up
(22:34 / Allies) Megg_G: god damn it
(22:38 / Allies) Megg_G: i can never ebuidl
(22:47 / Allies) Megg_G: cause of orange
(22:48 / Allies) Megg_G: yellow
(22:50 / Allies) Megg_G: gold me please
(22:53 / Allies) CandyCornGoons: wow grrenn\7
(22:59 / All) Adeleishot: Knock knock
(23:06 / Allies) CandyCornGoons: i have not 600\4\
(23:08 / All) Adeleishot: Knock knock
(23:11 / Allies) CandyCornGoons: dnt have much
(23:40 / Allies) Megg_G: good job
(23:41 / Allies) Megg_G: yellow
(23:47 / Allies) CandyCornGoons: ty
(24:12 / Allies) CandyCornGoons: oj dnt have army right now
(24:32 / Allies) CandyCornGoons: wtf
(24:34 / Allies) CandyCornGoons: green
(24:45 / Allies) Adeleishot: Just in case he kills yours
(24:47 / Allies) Adeleishot: I have a spare
(24:59 / Allies) CandyCornGoons: u have over 10k dude
(25:15 / Allies) CandyCornGoons: u dnt need a mine
(26:00 / Allies) Megg_G: attack orange
(26:01 / Allies) Megg_G: wtf
(26:10 / Allies) Megg_G: we lost
(26:11 / Allies) CandyCornGoons: green go
(26:11 / Allies) Megg_G: 2v1
(26:17 / Allies) Megg_G: yet we lose
(26:28 / Allies) Megg_G: yellow
(26:31 / Allies) Megg_G: mass hipps
(26:33 / Allies) Megg_G: and 3 chims
(26:38 / Allies) CandyCornGoons: im not loseing bc a fucking noob
(26:56 / Allies) Megg_G: dismount
(26:56 / Allies) CandyCornGoons: green is fuck helping him
(26:57 / Allies) Megg_G: don't forget
(27:02 / Allies) Megg_G: dsmount
(27:03 / Allies) Megg_G: dismount
(27:07 / Allies) Megg_G: \dismount
(27:08 / Allies) Megg_G: alll
(27:09 / Allies) Megg_G: dismpount all
(27:14 / Allies) Megg_G: DUDE
(27:15 / Allies) Megg_G: DISMOUNT ALL
(27:16 / Allies) Megg_G: WHAT THE FUK
(27:38 / Allies) Adeleishot: get out
(27:39 / Allies) Adeleishot: this is my land
(27:40 / Allies) CandyCornGoons: wow green just take my mine
(27:47 / Allies) Adeleishot: my land bro
(27:51 / Allies) CandyCornGoons: wow
(27:57 / Allies) CandyCornGoons: ur a fucking noob
(28:03 / Allies) Megg_G: look green
(28:03 / Allies) Adeleishot: Hey
(28:05 / Allies) Megg_G: he took your land
(28:06 / Allies) Megg_G: over there
(28:07 / Allies) Adeleishot: It's just business
(28:12 / Allies) Megg_G: and her
(28:13 / Allies) Megg_G: here
(28:13 / Allies) Adeleishot: I don't got a piece of that pie yet
(28:18 / Allies) Megg_G: and here
(28:18 / Allies) Adeleishot: but I had 50% ownership here
(28:59 / Allies) CandyCornGoons: wow dude ur a fucking noob ima get marine u hack ur comp sio watch out
(29:11 / All) Adeleishot: A marine is going to hack my computer?
(29:13 / All) Adeleishot: Good one
(29:20 / All) Budyonny: Did he threaten to hack you?
(29:21 / All) Megg_G: you're a marine?
(29:22 / All) Megg_G: Me too
(29:23 / Allies) CandyCornGoons: he will if i pay him
(29:25 / All) Budyonny: My side had no good chat, I hope yours does
(29:34 / All) Adeleishot: lol
(29:40 / All) Megg_G: I'm reservs
(29:46 / Allies) CandyCornGoons: its true
(29:50 / All) Budyonny: Who's reservs
(29:56 / All) Megg_G: Me
(29:57 / Allies) CandyCornGoons: 50% of war craft is his
(29:59 / All) Megg_G: That's my name
(30:13 / All) Budyonny: Sup Megg G Reservs
(30:29 / Allies) Adeleishot: This is my land
(30:32 / Allies) Adeleishot: I'm claiming ownership
(30:34 / Allies) CandyCornGoons: see
(30:48 / Allies) CandyCornGoons: wow
(30:48 / All) Adeleishot: You've been a bad employee
(31:01 / All) Megg_G: yellow
(31:03 / All) Megg_G: finish this game
(31:13 / All) CandyCornGoons: i cnt lokk my srmy
(31:21 / All) CandyCornGoons: green fucking kill it
(31:29 / All) Budyonny: You cnt lokk your srmy?
(31:35 / All) Budyonny: I don't work with animals. Borous, translate.
(31:41 / All) CandyCornGoons: oj kill green
(31:46 / All) Budyonny: No.
(31:52 / All) Adeleishot: We're business partners
(31:52 / All) CandyCornGoons: he almost have over 20 k
(32:01 / All) Adeleishot: I offered him .01% stake in my company
(32:14 / All) Budyonny: I got shares. I won't go against my investment.
(32:20 / All) CandyCornGoons: wow
(32:37 / Allies) Adeleishot: Move
(32:42 / Allies) Adeleishot: That's copyright infringement
(32:46 / Allies) Adeleishot: You'd better move
(32:54 / Allies) Adeleishot: Move your facilities
(33:07 / All) Adeleishot: I SET FIRE TO THE RAIN!!!1
(33:14 / All) Adeleishot: Adele is a lotta woman
(33:21 / All) CandyCornGoons: omg
(33:27 / All) CandyCornGoons: red im out
(33:31 / All) Budyonny: Bye.
(34:00 / All) Adeleishot: I happen to think that perhaps candy corn isn't really corn at all
(34:14 / All) Adeleishot: It's surprising they don't have a class action lawsuit for misleading the public
(35:17 / Allies) Adeleishot: I'm appropriating this land
(35:28 / All) CandyCornGoons: green can i have mine plz
(35:33 / Allies) Adeleishot: I'd advise you to close shop or else I'll have to inform my lawyers
(35:39 / Allies) Adeleishot: Yes
(35:41 / Allies) Adeleishot: You can have this mine
(35:42 / All) CandyCornGoons: ty
(35:44 / All) Megg_G: I need a mine green
(35:48 / Allies) Adeleishot: That mine
(35:48 / All) CandyCornGoons: no
(36:01 / All) CandyCornGoons: o by the way ur gone in 3 days
(36:12 / All) CandyCornGoons: wtf green
(36:23 / All) CandyCornGoons: wow
(36:27 / All) Megg_G: god damn it
(36:31 / All) Megg_G: usually when a retard is talking
(36:33 / All) Megg_G: I let him
(36:43 / All) Megg_G: especially
(36:44 / All) Budyonny: He told you
(36:45 / All) Megg_G: when that retard
(36:46 / All) Megg_G: has power
(36:48 / All) Budyonny: We're business partners.
(36:50 / All) Megg_G: green
(36:51 / All) Adeleishot: stop attacking my gryphons you animal abuser
(36:52 / All) Megg_G: he's a fucking retard
(37:00 / All) Megg_G: dude
(37:02 / All) Megg_G: you're a fucking moron
(37:05 / All) Megg_G: I don't know what's wrong with you
(37:07 / All) Adeleishot: How so?
(37:15 / All) Megg_G: but I'm not giving in to your moronic threats
(37:27 / All) Adeleishot: So you want to play hardball?
(37:31 / All) Megg_G: nah
(37:34 / All) Megg_G: I'm just gonna leave
(37:39 / All) Adeleishot: Quitter
(37:42 / All) Megg_G: knowing that even in the end
(37:43 / All) Budyonny: Bye.
(37:45 / All) Megg_G: I'll be better in life than you
(37:48 / All) Megg_G: in everything
(37:49 / All) Adeleishot: That so?
(37:50 / All) Megg_G: Intelligence
(37:51 / All) CandyCornGoons: red
(37:52 / All) Budyonny: We've got our money up and coming right quick.
(37:52 / All) CandyCornGoons: wait
(37:52 / All) Megg_G: Strength
(37:54 / All) Megg_G: Determination
(37:55 / All) Megg_G: Dignity
(37:56 / All) Budyonny: You're not a part of it red.
(37:56 / All) Megg_G: Pride
(37:59 / All) Adeleishot: Men are better than women
(38:00 / All) Budyonny: Feel free to leave.
(38:01 / All) Adeleishot: Game over
(38:03 / All) Megg_G: money in a fake game
(38:05 / All) Megg_G: doesn't mean anything
(38:08 / All) Megg_G: I'm not even a woman btw
(38:15 / All) Budyonny: We're enterpreneurs. You're just pondscum with penny-ante dreams of feeling like a big shot
(38:17 / All) Budyonny: Like a winner
(38:20 / All) Adeleishot: Why are you such a wimp that you're in reserves then?
(38:24 / All) Adeleishot: That's part time marine
(38:25 / All) Budyonny: Green and I don't have to dream that we're important. We are.
(38:28 / All) Megg_G: Taking college
(38:29 / All) Budyonny: We're of a different stripe.
(38:32 / All) Megg_G: and I'm a real entrepreneur
(38:37 / All) Adeleishot: That so?
(38:40 / All) Megg_G: unlike you morons pretending to be one in a game
(38:47 / All) Adeleishot: What's your business?
(38:49 / All) Megg_G: Probably high school students
(38:52 / All) Megg_G: having the time of your life
(38:59 / All) Megg_G: the most fun in your life
(39:00 / All) Budyonny: Baby, baby, there's no need to be upset Megan dear.
(39:03 / All) Adeleishot: so yes
(39:10 / All) Adeleishot: I skipped 8th grade
(39:11 / All) Megg_G: I knew it
(39:15 / All) Adeleishot: I'm brilliant you could say
(39:22 / All) Megg_G: No one can say that
(39:27 / All) Budyonny: We gave you one small, provocative datum upon which to fixate, red. We've shown one card.
(39:28 / All) Adeleishot: yes
(39:30 / All) Adeleishot: you can say that
(39:30 / All) Megg_G: No one will say that
(39:34 / All) Adeleishot: I say it
(39:36 / All) Adeleishot: so does my mother
(39:38 / All) Budyonny: One card out of one hand -- and believe me, it's a strong hand -- I dealt it to myself.
(39:55 / Allies) Adeleishot: I told you this is my land
(40:26 / Allies) Adeleishot: I don't like this
(40:28 / Allies) Adeleishot: too risky
(40:30 / All) Budyonny: Everything we do is calculated in Risk vs Reward, as business magnates and investors, red.
(40:36 / All) Budyonny: You don't have to understand this. I doubt you ever will be able to.
(41:28 / All) Budyonny: Red, why are you gone? A true businessman works overtime.
(42:06 / All) Adeleishot: Insubordinate employees!
(42:30 / All) Budyonny: Work for us, and good things will come your way. Defy us, and you will only know the bankrupt sign on your front door.
(44:03 / All) Adeleishot: Well, I have decided to sell my company and fire all my employees.
(44:09 / All) Adeleishot: Thank you for your service. Goodbye.
(44:21 / All) Budyonny: Do I still get what I was promised?
(44:28 / All) Adeleishot: Yes
(44:36 / All) Budyonny: Good. I knew you were an honest man.
(44:39 / All) Adeleishot: fruitcake and a commerative plate
(44:52 / All) Budyonny: Is that what they call it these days?
(45:35 / All) Adeleishot: Red what college do you attend
(45:40 / All) Adeleishot: Is it a good one
(45:48 / All) Budyonny: I bet he goes to a badass community college.
(46:20 / All) Adeleishot: Well red?
(46:31 / All) Budyonny: He certainly doesn't go to a college known for orating.
(46:35 / All) Adeleishot: I mean college isn't anything to brag about unless it's something good
(47:36 / All) Adeleishot: Pink is an amateur
(47:50 / All) Adeleishot: hence him getting a BM to militia rush
(47:55 / All) Budyonny: He should have gotten into economics like us.
(49:43 / All) Adeleishot: blizzard level 1 is much more effective than flamestrike level 1
(49:48 / All) Adeleishot: and only 75 mana
(49:49 / All) Budyonny: yeah